 Dungeon Crawl Stone Soup version 0.22-a0-159-g7ce444f (webtiles) character file.

256 DiviTon the Firebug (level 5, 0/28 HPs)
             Began as a Deep Elf Fire Elementalist on Feb 10, 2018.
             Slain by Grinder (6 damage)
             ... on level 3 of the Dungeon.
             The game lasted 00:25:51 (4940 turns).

DiviTon the Firebug (Deep Elf Fire Elementalist)    Turns: 4940, Time: 00:25:51

Health: 0/28       AC:  7    Str:  5    XL:     5   Next: 92%
Magic:  4/11       EV: 13    Int: 21    God:
Gold:   126        SH:  0    Dex: 15    Spells: 2/10 levels left

rFire    . . .     SeeInvis .   q - -3 dagger (curse)
rCold    . . .     Gourm    .   (no shield)
rNeg     . . .     Faith    .   p - +0 robe
rPois    .         Spirit   .   s - +0 helmet (curse)
rElec    .         Reflect  .   x - +2 cloak
rCorr    .         Harm     .   v - +0 pair of gloves
MR       .....                  (no boots)
Stlth    ++........             (no amulet)
HPRegen  0.09/turn              (no ring)
MPRegen  0.12/turn              (no ring)

@: no status effects
A: no striking features
a: no special abilities


You were on level 3 of the Dungeon.
You were not hungry.

You visited 1 branch of the dungeon, and saw 3 of its levels.

You collected 126 gold pieces.

Inventory:

Hand Weapons
 f - a +0 dagger
 q - a cursed -3 dagger (weapon)
 t - a +0 hunting sling
 w - a +2 quarterstaff of chaos
Missiles
 u - 17 stones (quivered)
Armour
 a - a +0 robe
 p - a +0 robe (worn)
 s - a cursed +0 helmet (worn)
 v - a +0 pair of gloves (worn)
 x - a +2 cloak (worn)
Wands
 k - a wand of polymorph (12)
Scrolls
 d - 2 scrolls of noise {unknown}
 e - 2 scrolls of blinking {unknown}
 g - 7 scrolls of identify {unknown}
 h - a scroll of enchant armour {unknown}
 j - 2 scrolls of teleportation {unknown}
 l - a scroll of amnesia {unknown}
 y - 2 scrolls of enchant weapon {unknown}
 z - a scroll of fog {unknown}
Potions
 i - 4 potions of curing {unknown}
 m - a potion of flight {unknown}
 n - a potion of degeneration {unknown}
 o - a potion of haste {unknown}
 r - a potion of mutation {unknown}
Books
 b - a book of Flames

   Spells                             Type                      Level
   a - Flame Tongue                   Conjuration/Fire             1
   b - Throw Flame                    Conjuration/Fire             2
   c - Conjure Flame                  Conjuration/Fire             3
   d - Inner Flame                    Hexes/Fire                   3
   e - Sticky Flame                   Conjuration/Fire             4
   f - Fireball                       Conjuration/Fire             5
Comestibles
 c - 3 rations


   Skills:
 - Level 2.4 Dodging
 - Level 2.4 Stealth
 - Level 3.0 Spellcasting
 * Level 2.8 Conjurations
 * Level 6.8 Fire Magic


You had 2 spell levels left.
You knew the following spells:

 Your Spells              Type           Power        Failure   Level  Hunger
a - Flame Tongue          Conj/Fire      ###..        1%          1    None
b - Conjure Flame         Conj/Fire      ###.....     5%          3    ###....
c - Sticky Flame          Conj/Fire      ###.....     19%         4    ####...


Dungeon Overview and Level Annotations

Branches:
Dungeon (3/15)

Altars:
Qazlal

Annotations:
D:3 Grinder, Sigmund


Message History

Aim: Grinder (moderately wounded)
The flame tongue hits Grinder.
Grinder appears unharmed.
Grinder is moderately wounded.
Grinder gestures at you. Pain shoots through your body!
* * * LOW HITPOINT WARNING * * *
Casting: Flame Tongue (safe; 1% risk of failure)
Confirm with . or Enter, or press ? or * to list all spells.
You don't know that spell.
Unknown command.
Unknown command.
Casting: Flame Tongue (safe; 1% risk of failure)
Confirm with . or Enter, or press ? or * to list all spells.
Aiming: Sticky Flame (slightly dangerous; 19% risk of failure)
Press: ? - help, Shift-Dir - straight line, f/p - Grinder
Aim: Grinder (moderately wounded)
The sticky flame hits Grinder.
Grinder appears unharmed.
Grinder is moderately wounded.
Grinder is covered in liquid flames!
Grinder burns!
Grinder hits you.
You die...

......##...§#.####[.##.......####
....†.##.....................'...
......##...>.........#.......##.#
............#..#.#...........##.#
#####.......#..#.#..#........##.#
............#..#.#.........####.#
......#######..#.#.##.)###.# #.#
......# ####..#5#.###.###.# #.#
...÷..# ##.....#@#.........# #.#
......# #......########.#######.#
.....####..#####..............#.#
.....# #....# .#######.####.#.#
.....# ♣.PPP♣ ###..........#.#
.....# ♣.P.♣♣ #<#.####.#####.#
####.# ♣♣.♣♣ #)#.#........... #.#
♣.♣♣ #)#.#.##...###.# #.# ♣♣.♣
#)#.#.##........


You could see Grinder (burning).

Vanquished Creatures
  An orc priest (D:3)
  Crazy Yiuf (D:3)
  Jessica (D:2)
  Robin (D:2)
  A gnoll (D:1)
  4 adders (D:2)
  3 worms
  4 dart slugs
  2 leopard geckos
  7 orcs (D:3)
  2 ball pythons (D:1)
  7 bats
  4 giant cockroaches
  14 goblins
  9 hobgoblins
  10 jackals
  2 quokkas (D:3)
  5 frilled lizards
  4 kobolds
  5 rats
87 creatures vanquished.

Vanquished Creatures (others)
  An orc priest (D:2)
1 creature vanquished.

Grand Total: 88 creatures vanquished

Notes
Turn   | Place    | Note
-------+----------+-------------------------------------------
     0 | D:1      | DiviTon the Deep Elf Fire Elementalist began the quest for the Orb.
     0 | D:1      | Reached XP level 1. HP: 10/10 MP: 6/6
   377 | D:1      | Reached XP level 2. HP: 15/15 MP: 6/8
   427 | D:1      | Reached skill level 4 in Fire Magic
   821 | D:2      | Reached XP level 3. HP: 19/19 MP: 5/9
   933 | D:2      | Learned a level 3 spell: Conjure Flame
  1235 | D:2      | Reached skill level 5 in Fire Magic
  1639 | D:2      | Noticed Jessica
  1664 | D:2      | Found a stormy altar of Qazlal.
  2151 | D:2      | Reached XP level 4. HP: 24/24 MP: 6/10
  2187 | D:2      | Learned a level 4 spell: Sticky Flame
  3033 | D:2      | Killed Jessica
  3033 | D:2      | Reached skill level 6 in Fire Magic
  3096 | D:3      | Noticed Robin
  3108 | D:3      | Reached XP level 5. HP: 28/28 MP: 3/11
  3782 | D:2      | Killed Robin
  3906 | D:3      | Noticed Grinder
  3948 | D:3      | Paralysed by Grinder for 4 turns
  4298 | D:3      | Noticed Sigmund
  4669 | D:3      | Found a runed door.
  4673 | D:3      | Noticed Crazy Yiuf
  4677 | D:3      | Killed Crazy Yiuf
  4834 | D:3      | Paralysed by Grinder for 3 turns
  4932 | D:3      | Paralysed by Grinder for 5 turns
  4940 | D:3      | Slain by Grinder

Vault maps used:
D:1:      lightli_arrival_windingriver, minmay_door_square
D:2:      grunt_qazlal_clouds, uniq_jessica
D:3:      lemuel_round_altar, first_ration, uniq_grinder, uniq_robin,
          uniq_sigmund, uniq_crazy_yiuf_cottage

Skill      XL: |  1  2  3  4  5 |
---------------+----------------+-----
Fire Magic     | 4 5 6 |  6.8
Conjurations   | 2 |  2.8
Dodging        | |  2.4
Stealth        | |  2.4
Spellcasting   | |  3.0

Action                   |  1- 3 |  4- 6 || total
-------------------------+-------+-------++-------
Melee: Dagger            |       |     1 ||     1
 Cast: Flame Tongue      |    73 |   113 ||   186
       Conjure Flame     |       |     2 ||     2
       Sticky Flame      |       |     2 ||     2
  Eat: Chunk             |     1 |     9 ||    10
       Ration            |     1 |       ||     1
Armor: Robe              |     6 |    10 ||    16
Dodge: Dodged            |    38 |    42 ||    80

Table legend:
 A = Spawn XP
 B = Non-spawn XP
 C = Spawn XP percentage of total XP
 D = Spawn monster count
 E = Non-spawn monster count
 F = Spawn count percentage of total count
 G = Total turns spent on level
                    A         B        C        D         E        F      G
               +---------+---------+-------+---------+---------+-------+---------
         Total |       0 |     367 |   0.0 |       0 |      87 |   0.0 |  4940
               +---------+---------+-------+---------+---------+-------+---------
           D:1 |       0 |      44 |   0.0 |       0 |      17 |   0.0 |  1142
           D:2 |       0 |     159 |   0.0 |       0 |      29 |   0.0 |  2543
           D:3 |       0 |     164 |   0.0 |       0 |      41 |   0.0 |  1255
               +---------+---------+-------+---------+---------+-------+---------
